AoeStats
← LAHEY

Arena

506930762Analyzed
3v3 RM · 18d ago on Sep 15, 2026· 55m 3s· 6 players
Game mode
Random Map
Map size
Normal (6 player)
Population
200
Speed
Normal
Resources
Standard
Victory
Conquest
Starting age
Dark Age
Ending age
Imperial Age
RankedLock teamsTeams togetherTeam positionsShared explorationLock speedFull tech treeHidden civsTurbo modeCheats
Victory
Defeat
🇪🇸 Burmese · Spain
800
+9
🇪🇸 Vikings · Spain
752
+11
🇪🇸 Mongols · Spain
666
+14
🇨🇴 Turks · Colombia
671
-13
🇲🇽 Cumans · Mexico
618
-11
🇨🇦 Britons · Canada
607
-10
nduivenvo
10:14 Loom
13:18 Feudal Age
14:00 Double-Bit Axe
13:59 Horse Collar
19:47 Castle Age
17:51 Gold Mining
17:52 Stone Mining
17:26 Man-at-Arms
18:43 Arson
19:22 Forging
19:03 Fletching
20:47 Wheelbarrow
20:59 Heavy Plow
21:14 Bow Saw
21:17 Town Watch
23:51 Hand Cart
24:36 Treadmill Crane
25:42 Gold Shaft Mining
26:29 Fortified Wall
27:07 Town Patrol
26:33 Long Swordsman
26:59 Gambesons
27:33 Squires
27:57 Masonry
28:08 Ballistics
29:38 Bodkin Arrow
29:44 Padded Archer Armor
31:27 Yeomen
31:38 Heated Shot
33:00 Pikeman
33:37 Murder Holes
36:56 Imperial Age
35:14 Leather Archer Armor
35:01 Scale Mail Armor
37:54 Iron Casting
37:35 Chain Mail Armor
37:59 Bracer
38:30 Ring Archer Armor
38:33 Architecture
37:50 Two-Handed Swordsman
41:05 Two-Man Saw
41:34 Chemistry
40:19 Champion
43:03 Ring Archer Armor
43:04 Plate Mail Armor
43:34 Blast Furnace
42:40 Elite Longbowman
43:52 Conscription
44:07 Siege Engineers
44:14 Warwolf
44:32 Sappers
46:24 Blast Furnace
gamezduarte
1:37 Loom
12:01 Feudal Age
16:33 Castle Age
14:56 Double-Bit Axe
15:11 Horse Collar
16:31 Town Watch
17:40 Wheelbarrow
18:04 Bow Saw
18:29 Heavy Plow
26:55 Hand Cart
31:52 Imperial Age
29:26 Town Patrol
30:20 Fletching
30:37 Scale Barding Armor
30:50 Forging
31:26 Bloodlines
31:17 Husbandry
31:55 Bodkin Arrow
34:15 Heavy Scorpion
dmartinez4758
0:32 Loom
13:03 Feudal Age
16:09 Double-Bit Axe
16:06 Horse Collar
19:16 Gold Mining
LAHEY
14:05 Feudal Age
16:09 Horse Collar
16:18 Double-Bit Axe
18:48 Wheelbarrow
19:06 Town Watch
21:40 Bloodlines
22:27 Scale Barding Armor
24:23 Forging
29:30 Castle Age
29:00 Fletching
29:13 Gold Mining
30:16 Heavy Plow
34:03 Bow Saw
34:27 Hand Cart
35:28 Ballistics
35:41 Gold Mining
37:51 Chain Barding Armor
37:41 Husbandry
37:35 Light Cavalry
39:34 Gold Shaft Mining
43:39 Imperial Age
42:56 Padded Archer Armor
44:26 Leather Archer Armor
46:59 Elite Mangudai
48:21 Bodkin Arrow
52:55 Hussar
54:39 Bracer
Doctor Inspiratus
11:22 Feudal Age
12:54 Horse Collar
15:53 Castle Age
16:01 Gold Mining
16:04 Loom
17:17 Heavy Plow
19:33 Wheelbarrow
20:24 Fervor
20:37 Sanctity
21:38 Redemption
26:01 Stone Mining
38:37 Hand Cart
43:42 Imperial Age
43:49 Light Cavalry
44:30 Husbandry
44:44 Bloodlines
45:19 Gold Shaft Mining
46:03 Crop Rotation
44:57 Capped Ram
45:52 Scale Barding Armor
45:58 Forging
47:53 Hussar
55:22 Conscription
Klumso Bizum
12:42 Feudal Age
13:29 Double-Bit Axe
13:27 Horse Collar
18:59 Castle Age
18:31 Forging
20:06 Bow Saw
20:01 Heavy Plow
21:35 Squires
22:31 Gold Mining
23:58 Gold Shaft Mining
25:25 Stone Mining
26:31 Scale Mail Armor
29:15 Chain Mail Armor
29:37 Iron Casting
30:20 Chieftains
37:35 Imperial Age
37:45 Elite Berserk
38:52 Conscription
39:07 Plate Mail Armor
39:37 Blast Furnace
38:25 Arson
40:47 Two-Man Saw
43:57 Crop Rotation
48:51 Man-at-Arms
49:17 Gambesons
Connection lost

Rejoining the realm…

Still unreachable

The connection could not be restored.

Session expired

The server has moved on; the page needs a fresh start.